AoeStats
← naphtaligrauer16

Glade

510761580Analyzed
1v1 RM · 1d ago on Oct 2, 2026· 35m 56s· 2 players
Game mode
Random Map
Map size
Tiny (2 player)
Population
200
Speed
Normal
Resources
Standard
Victory
Conquest
Starting age
Dark Age
Ending age
Imperial Age
RankedLock teamsTeams togetherTeam positionsShared explorationLock speedFull tech treeHidden civsTurbo modeCheats
Victory
Defeat
🇩🇪 Japanese · Germany
1469
+17
1500
-17
naphtaligrauer16
6:02 Loom
7:56 Loom
10:39 Feudal Age
10:44 Man-at-Arms
11:11 Arson
11:15 Double-Bit Axe
11:10 Horse Collar
13:13 Wheelbarrow
16:13 Fletching
22:06 Castle Age
22:17 Gold Mining
22:17 Stone Mining
23:22 Bodkin Arrow
26:08 Guard Tower
29:50 Imperial Age
29:56 Yasama
30:57 Ballistics
32:58 Chemistry
32:33 Masonry
33:20 Keep
33:34 Bracer
35:50 Kataparuto
ちゅうごくじゃない
11:07 Feudal Age
12:54 Loom
13:23 Fletching
16:09 Castle Age
15:49 Horse Collar
15:56 Double-Bit Axe
21:20 Bow Saw
23:22 Bodkin Arrow
23:34 Scale Barding Armor
25:17 Bloodlines
26:18 Heavy Plow
27:04 Wheelbarrow
31:08 Imperial Age
31:09 Onager
33:41 Siege Engineers
Connection lost

Rejoining the realm…

Still unreachable

The connection could not be restored.

Session expired

The server has moved on; the page needs a fresh start.